 Dungeon Crawl Stone Soup version bcrawl-1.19.1 (webtiles) character file.

Game seed: 4383403048430315776

121 Freyura the Shield-Bearer (level 4, -5/28 HPs)
             Began as a Skeleton Fighter on Nov 24, 2019.
             Slain by a gnoll
             ... wielding a +0 halberd
              (6 damage)
             ... on level 3 of the Dungeon.
             The game lasted 00:04:59 (1516 turns).

Freyura the Shield-Bearer (Skeleton Fighter)        Turns: 1516, Time: 00:04:59

Health: -5/28      AC:  9    Str: 23      XL:     4   Next: 77%
Magic:  0/4        EV:  8    Int:  5 (6)  God:
Gold:   117        SH:  9    Dex:  9      Spells: 3/3 levels left

rFire    . . .     SeeInvis .   a - +2 flail
rCold    + . .     Gourm    .   c - +0 shield
rNeg     + + +     Faith    .   b - +0 scale mail
rPois    ∞         Spirit   +   h - +0 hat
rElec    .         Reflect  .   f - +0 cloak
rCorr    .         Harm     .   (no gloves)
MR       .....                  e - +0 pair of boots
Stlth    ..........             (no amulet)
HPRegen  0.09/turn              (no ring)
MPRegen  0.09/turn              (no ring)

@: no status effects
A: no food or potions, cold resistance 1, deterioration 1, negative energy
resistance 3, torment resistance, unbreathing, magic shield, sturdy frame 1,
spell healing
a: no special abilities


You were on level 3 of the Dungeon.
You were not hungry.

You visited 1 branch of the dungeon, and saw 3 of its levels.

You collected 117 gold pieces.

Inventory:

Hand Weapons
 a - a +2 flail (weapon)
Armour
 b - a +0 scale mail (worn)
 c - a +0 shield (worn)
 e - a +0 pair of boots (worn)
 f - a +0 cloak (worn)
 h - a +0 hat (worn)
Jewellery
 i - a cursed amulet of faith {unknown}
Scrolls
 d - a scroll of magic mapping
 j - a scroll of fear


   Skills:
 + Level 3.5 Fighting
 * Level 4.1 Maces & Flails
 + Level 3.8 Armour
 + Level 1.5 Dodging
 + Level 4.2 Shields


You had 3 spell levels left.
You didn't know any spells.
Your spell library was empty.

Dungeon Overview and Level Annotations

Branches:
Dungeon (3/12)

Altars:
Elyvilon
The Shining One


Innate Abilities, Weirdness & Mutations

You do not eat or drink.
You are immune to poison.
Your flesh is cold resistant. (rC+)
Your body sometimes deteriorates upon taking damage.
You are immune to negative energy. (rN+++)
You are immune to unholy pain and torment.
You can survive without breathing.
When hurt, damage is shared between your health and your magic reserves.
Your movements are slightly less encumbered by armour. (ER -2)
Casting spells heals you.


Message History

The orc throws a stone.
The stone hits you but does no damage.
You are too injured to fight recklessly!
You are too injured to fight recklessly!
You are too injured to fight recklessly!
The orc throws a stone.
The stone hits you but does no damage.
The orc throws a stone.
The stone hits you but does no damage.
The orc throws a stone.
The stone barely misses you. The gnoll hits you with a +0 halberd!
* * * LOW HITPOINT WARNING * * *
The orc throws a stone.
The stone barely misses you.
There is a stone staircase leading down here.
You sock the gnoll!
The gnoll is severely wounded.
The gnoll barely misses you.
The orc throws a stone.
The stone hits you but does no damage.
You barely miss the gnoll.
The gnoll is severely wounded.
The orc throws a stone.
The stone hits you but does no damage. The gnoll hits you with a +0 halberd!
You die...

#..# . ..#..# .#.
#.#..###.##. ....
#.#......... <
...##.#..)#.....
..##%..[#...#....#
....o...g.#....#
##.##††.@...!# #
#............#.#
#..........?...#
###.##...........#
#...............## .
##.#.............#
♣..≈##.###...%......##
.........<..........#
_.♣...#####....###...#


You could see a gnoll and an orc.

Vanquished Creatures
  Crazy Yiuf (D:2)
  A worker ant zombie (D:3)
  2 gnolls (D:3)
  3 worms (D:2)
  3 dart slugs
  3 leopard geckos
  A ball python (D:1)
  2 giant cockroaches (D:1)
  3 goblins
  6 hobgoblins
  10 jackals
  A kobold (D:2)
  4 bats
  2 frilled lizards
  2 rats
44 creatures vanquished.

Notes
Turn   | Place    | Note
-------+----------+-------------------------------------------
     0 | D:1      | Freyura the Skeleton Fighter began the quest for the Orb.
     0 | D:1      | Reached XP level 1. HP: 14/14 MP: 1/1
   227 | D:1      | Reached XP level 2. HP: 17/19 MP: 0/2
   351 | D:1      | Found a glowing golden altar of the Shining One.
   885 | D:2      | Reached XP level 3. HP: 23/23 MP: 3/3
   905 | D:2      | Reached skill level 1 in Dodging
  1190 | D:2      | Found a runed door.
  1195 | D:2      | Noticed Crazy Yiuf
  1199 | D:2      | Killed Crazy Yiuf
  1199 | D:2      | Reached XP level 4. HP: 19/28 MP: 2/4
  1317 | D:2      | Found a faded altar of an unknown god.
  1480 | D:3      | Found a white marble altar of Elyvilon.
  1514 | D:3      | HP: 1/28 [gnoll/+0 halberd (12)]
  1516 | D:3      | Slain by a gnoll

Skill      XL: |  1  2  3  4 |
---------------+-------------+-----
Maces & Flails | 3 4 |  4.1
Dodging        | 1 |  1.5
Shields        | 4 |  4.2
Fighting       | |  3.5
Armour         | |  3.8

Action                   |  1- 3 |  4- 6 || total
-------------------------+-------+-------++-------
Melee: Flail             |    96 |    35 ||   131
  Use: Scroll            |     7 |       ||     7
Armor: Scale mail        |    36 |    15 ||    51
Dodge: Dodged            |    42 |    15 ||    57
Block: Shield            |    65 |    20 ||    85
